 Dungeon Crawl Stone Soup version 0.19-a0-1821-g42c593c (webtiles) character file.

21496 Amnesiac the Grappler (level 12, -37/178 HPs)
             Began as a Troll Monk on Oct 7, 2016.
             Was the Champion of Dithmenos.
             Killed from afar by a yak (39 damage)
             ... with an exploding inner flame
             ... hexed by the player character
             ... on level 3 of the Lair of Beasts.
             The game lasted 00:21:18 (9898 turns).

Amnesiac the Grappler (Troll Monk)                  Turns: 9898, Time: 00:21:19

Health: -37/178    AC: 26    Str: 19    XL:     12   Next: 54%
Magic:  11/11      EV:  1    Int:  6    God:    Dithmenos [******]
Gold:   503        SH:  0    Dex: 21    Spells: 0 memorised, 11 levels left

rFire  . . .     SeeInvis .       - Unarmed
rCold  + + +     Gourm    +     (armour currently unavailable)
rNeg   + + +     Faith    +     (no shield)
rPois  +         Spirit   .     (helmet currently unavailable)
rElec  +         Dismiss  .     (cloak currently unavailable)
rCorr  .         Reflect  .     (gloves unavailable)
MR     +....     Harm     .     (boots unavailable)
Stlth  ++++++++.. NoTele   +    y - amulet of faith
                                B - ring of flight
                                P - ring of Disyawk {rElec rPois rC+++ MR+ Str-3}

@: agile, tree-form, wreathed by umbra
A: unfitting armour, (claws 0), fast metabolism 3, gourmand, regeneration 1,
screaming 1, (shaggy fur 0), (tough skin 0)
a: Shadow Step, Shadow Form, Renounce Religion


You were on level 3 of the Lair of Beasts.
You worshipped Dithmenos.
Dithmenos was exalted by your worship.
You were very full.
You were a tree.
You visited 3 branches of the dungeon, and saw 13 of its levels.
You also visited: Bailey.

You collected 657 gold pieces.
You spent 154 gold pieces at shops.

Inventory:

Missiles
 h - 2 throwing nets (quivered)
Armour
 d - a +1 steam dragon armour (melded)
 D - a +2 cloak (melded)
 H - a +1 hat (melded)
Jewellery
 t - an uncursed ring of ice
 y - an amulet of faith (around neck)
 B - a ring of flight (right branch)
 P - the ring of Disyawk (left branch) {rElec rPois rC+++ MR+ Str-3}
   (You found it on level 9 of the Dungeon)

   [ring of protection from magic]

   It affects your strength (-3).
   It renders you almost immune to cold.
   It insulates you from electricity.
   It protects you from poison.
   It affects your resistance to hostile enchantments.
Wands
 a - a wand of slowing (26/48)
 j - a wand of confusion (23/48)
 k - a wand of lightning (11/15)
 G - a wand of heal wounds (6/9)
Scrolls
 f - a scroll of blinking
 o - 4 scrolls of immolation
 u - 6 scrolls of teleportation {unknown}
 v - a scroll of enchant weapon
 z - 5 scrolls of remove curse {unknown}
 C - 2 scrolls of amnesia
 E - a scroll of vulnerability {unknown}
 I - 4 scrolls of magic mapping
 M - a scroll of torment {unknown}
Potions
 c - 4 potions of brilliance
 e - 4 potions of curing
 m - 2 potions of lignification
 n - a potion of ambrosia
 s - 5 potions of might
 w - a potion of magic
 x - a potion of cancellation
 K - a potion of resistance {unknown}
 L - a potion of haste {unknown}
Books
 F - a book of Beasts

   Spells                             Type                      Level
   a - Summon Butterflies             Summoning                    1
   b - Call Canine Familiar           Summoning                    3
   c - Summon Ice Beast               Ice/Summoning                4
   d - Summon Mana Viper              Hexes/Summoning              5
   e - Summon Hydra                   Summoning                    7
Comestibles
 b - 11 bread rations
 g - 4 beef jerkies
 p - 2 slices of pizza
 q - 6 meat rations
 A - 9 royal jellies
 J - 9 fruits


   Skills:
 - Level 8.0 Fighting
 - Level 2.3 Armour
 + Level 6.8 Dodging
 - Level 6.5 Stealth
 - Level 14.0 Unarmed Combat


You had 11 spell levels left.
You didn't know any spells.

Dungeon Overview and Level Annotations

Branches:
Dungeon (9/15)             Temple (1/1) D:7            Lair (3/6) D:9
 Shoals (0/4) Lair:2          Orc (0/2) D:9
  Snake: Lair:2-4    Spider: Lair:2-4

Altars:
Cheibriados
Dithmenos
Elyvilon
Fedhas
Gozag
Hepliaklqana
Kikubaaqudgha
Makhleb
Nemelex Xobeh
Okawaru
Qazlal
Ru
Sif Muna
Uskayaw
Vehumet
Xom
Yredelemnul
Zin
The Shining One

Shops:
D:8 [


Innate Abilities, Weirdness & Mutations

You are too large for most types of armour.
((You have claws for hands.))
Your metabolism is lightning-fast.
You like to eat raw meat.
Your natural rate of healing is unusually fast.
((You are covered in fur. (AC +1)))
((You have very tough skin. (AC +2)))
You occasionally shout uncontrollably at your foes.


Message History

Unknown command.
Unknown command.
You pummel the yak!!
The yak explodes!
The fiery explosion engulfs the yak.
The yak is severely wounded.
The fiery explosion engulfs the yak.
The yak explodes!
The fiery explosion engulfs the yak.
The yak explodes!
The fiery explosion engulfs the yak.
The yak is severely wounded.
Dithmenos accepts your kill.
You hear a splash. x5
The fiery explosion engulfs the yak.
The yak explodes!
The fiery explosion engulfs the yak.
The yak is almost dead.
The fiery explosion engulfs you!
You die...

♣♣≈P≈P♣♣ # ♣≈≈≈≈≈≈♣♣♣ #
♣♣P≈≈≈≈≈≈≈♣ #
♣P≈≈≈≈≈≈≈≈♣♣♣##
♣♣≈≈≈≈≈≈≈≈≈≈♣..# ..
♣≈≈≈≈≈≈≈≈≈≈≈♣..#
....#♣≈§§§§≈≈≈≈≈≈♣..#
..../≈†§§§♣≈PP≈PP...#
....#≈≈§§§YY≈≈≈≈≈...##
....%≈≈§§§Y≈≈≈≈P≈....#
....#≈≈≈≈≈≈≈≈≈≈≈≈...##
... ##%≈≈%≈≈≈≈P≈≈....##
.. ..≈≈.P.....≈P...#.#
. .#........%......####
.
#...............##.####
#...#..................


You could see 3 yaks.

Vanquished Creatures
  Erica (D:8)
  Sonja (Lair:2)
  Pikel (D:5)
  4 orc knights (Bailey)
  3 sirens (Lair:2)
  Psyche (D:8)
  A black mamba (Lair:1)
  2 kobold demonologists (Bailey)
  5 spiny frogs
  3 komodo dragons
  A merfolk (Lair:2)
  2 hornets (D:8)
  Prince Ribbit (D:6)
  4 hippogriffs
  8 blink frogs
  Sigmund (D:5)
  25 yaks
  Grum (D:8)
  A wyvern (Lair:2)
  3 basilisks (Lair:3)
  A soldier ant (D:8)
  A water moccasin (Lair:2)
  2 porcupines (Lair:3)
  2 ice beasts (D:6)
  8 orc warriors
  3 phantoms
  A sky beast (D:6)
  2 slaves (D:6)
  4 ogres
  A necrophage (D:8)
  15 wolves
  6 crocodiles
  2 big kobolds
  8 bullfrogs
  A water moccasin skeleton (D:6)
  4 scorpions
  9 wights
  6 electric eels
  3 crimson imps
  2 centaur zombies
  3 hounds
  A quasit (D:7)
  A bullfrog skeleton (D:5)
  5 orc wizards
  3 orc priests
  A centaur skeleton (D:4)
  An iron imp (D:7)
  An iguana (D:5)
  4 worker ants
  A howler monkey zombie (D:9)
  Robin (D:3)
  23 gnolls
  4 adders
  A shadow imp (D:9)
  3 adder skeletons
  2 worms
  3 dart slugs
  6 leopard geckos
  35 orcs
  7 bats
  3 giant cockroaches
  26 goblins
  13 hobgoblins
  12 jackals
  2 quokkas
  8 frilled lizards
  A jackal skeleton (D:4)
  13 kobolds
  A quokka skeleton (D:6)
  2 quokka zombies
  5 rats
  A plant (Lair:3)
343 creatures vanquished.

Vanquished Creatures (others)
  A jackal (D:6)
  3 fungi
  11 plants
15 creatures vanquished.

Grand Total: 358 creatures vanquished

Notes
Turn   | Place    | Note
-------+----------+-------------------------------------------
     0 | D:1      | Amnesiac the Troll Monk began the quest for the Orb.
     0 | D:1      | Reached XP level 1. HP: 22/22 MP: 0/0
     6 | D:1      | Noticed a water moccasin
     6 | D:1      | Noticed a hound
     6 | D:1      | Noticed a redback
     7 | D:1      | Noticed a black bear
     7 | D:1      | Noticed a swamp worm
    37 | D:1      | Reached XP level 2. HP: 29/29 MP: 1/1
   139 | D:3      | Found a radiant altar of Vehumet.
   154 | D:3      | Reached skill level 4 in Unarmed Combat
   258 | D:3      | Found a snail-covered altar of Cheibriados.
   266 | D:3      | Reached XP level 3. HP: 35/36 MP: 2/2
   334 | D:4      | Reached XP level 4. HP: 44/44 MP: 3/3
   341 | D:4      | Reached skill level 5 in Unarmed Combat
   481 | D:4      | Reached XP level 5. HP: 49/50 MP: 4/4
   497 | D:4      | Reached skill level 6 in Unarmed Combat
  1003 | D:4      | Found a glowing silver altar of Zin.
  1160 | D:4      | Reached XP level 6. HP: 59/59 MP: 5/5
  1301 | D:5      | Entered Level 5 of the Dungeon
  1351 | D:5      | Noticed Sigmund
  1367 | D:5      | Killed Sigmund
  1367 | D:5      | Reached skill level 7 in Unarmed Combat
  1423 | D:5      | Reached skill level 8 in Unarmed Combat
  1423 | D:5      | Reached XP level 7. HP: 43/66 MP: 6/6
  1555 | D:5      | Found a sand-covered staircase.
  1558 | D:5      | Found a white marble altar of Elyvilon.
  1881 | D:5      | Gained mutation: You occasionally shout uncontrollably at your foes. [potion of mutation]
  1881 | D:5      | Gained mutation: Your flesh is cold resistant. (rC+) [potion of mutation]
  1881 | D:5      | Lost mutation: Your flesh is cold resistant. (rC+) [potion of mutation]
  2176 | D:6      | Reached skill level 9 in Unarmed Combat
  2236 | D:6      | Found an ancient bone altar of Kikubaaqudgha.
  2323 | D:6      | Reached XP level 8. HP: 68/74 MP: 7/7
  2334 | D:6      | Noticed Pikel
  2362 | D:6      | Reached skill level 10 in Unarmed Combat
  2445 | D:5      | Killed Pikel
  2445 | D:5      | Reached skill level 11 in Unarmed Combat
  2554 | D:6      | Noticed Prince Ribbit
  2568 | D:6      | Killed Prince Ribbit
  2600 | D:6      | Reached XP level 9. HP: 63/80 MP: 8/8
  2614 | D:6      | Reached skill level 12 in Unarmed Combat
  3110 | D:7      | Found a staircase to the Ecumenical Temple.
  3122 | Temple   | Entered the Ecumenical Temple
  3234 | Temple   | Became a worshipper of Dithmenos the Shadowed
  3234 | Temple   | Reached * piety under Dithmenos
  3234 | Temple   | Reached ** piety under Dithmenos
  3404 | D:3      | Found an opulent altar of Gozag.
  3520 | D:3      | Identified a +0 rod of ignition (12/12) (You found it on level 3 of the Dungeon)
  3566 | D:3      | Found a glowing golden altar of the Shining One.
  5038 | D:3      | Reached *** piety under Dithmenos
  5039 | D:3      | Noticed Robin
  5049 | D:3      | Killed Robin
  5594 | D:7      | Reached skill level 13 in Unarmed Combat
  5717 | D:7      | Found a burning altar of Makhleb.
  6022 | D:8      | Found an iron altar of Okawaru.
  6050 | D:8      | Reached skill level 5 in Fighting
  6139 | D:8      | Reached XP level 10. HP: 57/97 MP: 9/9
  6148 | D:8      | Noticed Grum
  6159 | D:8      | Killed Grum
  6159 | D:8      | Reached **** piety under Dithmenos
  6168 | D:8      | Noticed Erica
  6176 | D:8      | Killed Erica
  6277 | D:8      | Found a flagged portal.
  6307 | Bailey   | Entered a bailey
  6360 | Bailey   | Found an iron altar of Okawaru.
  6361 | Bailey   | Noticed an orc knight
  6380 | Bailey   | Noticed a rust devil
  6419 | Bailey   | Killed an orc knight
  6506 | Bailey   | Noticed an orc knight
  6518 | Bailey   | Killed an orc knight
  6672 | Bailey   | Noticed an orc knight
  6684 | Bailey   | Killed an orc knight
  6801 | Bailey   | Noticed an orc knight
  6810 | Bailey   | Killed an orc knight
  6810 | Bailey   | Reached ***** piety under Dithmenos
  6893 | Bailey   | Reached XP level 11. HP: 109/109 MP: 10/10
  6941 | D:8      | Found Datadgh's Armour Shoppe.
  6950 | D:8      | Bought a +1 hat for 154 gold pieces
  7040 | D:8      | Reached skill level 5 in Stealth
  7044 | D:8      | Paralysed by a hornet for 2 turns
  7159 | D:8      | Found a sparkling altar of Nemelex Xobeh.
  7276 | D:8      | Found a stormy altar of Qazlal.
  7332 | D:8      | Noticed Psyche
  7349 | D:8      | Killed Psyche
  7771 | D:9      | Found a staircase to the Orcish Mines.
  7821 | D:9      | Found a deep blue altar of Sif Muna.
  7824 | D:9      | Got a sparkling iron ring
  7907 | D:9      | Identified the ring of Disyawk {rElec rPois rC+++ MR+ Str-3} (You found it on level 9 of the Dungeon)
  8040 | D:9      | Found a staircase to the Lair.
  8050 | Lair:1   | Entered Level 1 of the Lair of Beasts
  8151 | Lair:1   | Reached skill level 1 in Armour
  8751 | Lair:2   | Found a staircase to the Shoals.
  9007 | Lair:2   | Reached XP level 12. HP: 119/119 MP: 11/11
  9087 | Lair:2   | Noticed Sonja
  9120 | Lair:2   | Killed Sonja
  9155 | Lair:2   | Got an ivory giant spiked club
  9156 | Lair:2   | Identified the +10 giant spiked club of Qalero {holy, *Drain rElec rN++} (You found it on level 2 of the Lair of Beasts)
  9173 | Lair:2   | Reached skill level 14 in Unarmed Combat
  9176 | Lair:2   | Reached ****** piety under Dithmenos
  9484 | Lair:3   | Reached skill level 5 in Dodging
  9891 | Lair:3   | HP: 7/178 [yak (9)]
  9896 | Lair:3   | HP: 4/178 [yak (6)]
  9898 | Lair:3   | Killed from afar by a yak

Vault maps used:
D:1:      onia_arrival_zoo_common
D:3:      cheibriados_altar_wand_db, lemuel_doored_altar, vehumet_crystals,
          minmay_misc_feat_secret_circle, grunt_gozag_statues, uniq_robin
D:4:      lemuel_round_altar
D:5:      wad_lake_hut, kennysheep_mini_moat, first_bread,
          nicolae_ossuary_entry_monument, uniq_sigmund
D:6:      basic_altar, uniq_prince_ribbit1, uniq_pikel
D:7:      makhleb_grotto_becter
D:8:      okawaru_gym_becter, nicolae_qazlal_eye_of_the_storm,
          nemelex_xobeh_ov_fountains_minmay, enter_bailey_2, serial_shops,
          nicolae_shop_crystal, hangedman_pestilent_swarm, dk_noncrumbling_4,
          uniq_psyche, uniq_erica, uniq_grum
D:9:      lemuel_round_altar, gammafunk_temple_overflow_pools, lair_0_dummy,
          orc_0_dummy
Temple:   kb_temple_of_zot
Lair:2:   elwin_shoals_entry_stream, uniq_sonja
Lair:3:   spider_nest_entry_webs, grunt_megastairs_1, serial_bayou_shore_a
Bailey:   bailey_axe_of_yendor_kennysheep, bailey

Skill      XL: |  1  2  3  4  5  6  7  8  9 10 11 12 |
---------------+-------------------------------------+-----
Unarmed Combat | 4 5 6 8 9 11 13 14 | 14.0
Fighting       | 5 7 8 |  8.0
Stealth        | 4 6 |  6.5
Armour         | 2 |  2.3
Dodging        | 3 6 |  6.8

Action                   |  1- 3 |  4- 6 |  7- 9 | 10-12 || total
-------------------------+-------+-------+-------+-------++-------
Melee: Unarmed           |    51 |    78 |   356 |   635 ||  1120
       Punch             |     1 |     1 |    20 |    53 ||    75
Throw: Throwing net      |       |       |       |     4 ||     4
  Use: Scroll            |       |       |     6 |    13 ||    19
       Potion            |       |       |     5 |     6 ||    11
 Stab: Sleeping          |       |     1 |     6 |    13 ||    20
       Distracted        |       |       |     1 |     3 ||     4
       Held in net/web   |       |       |       |     1 ||     1
  Eat: Chunk             |     2 |    14 |    45 |    34 ||    95
Armor: Robe              |     8 |       |       |       ||     8
       Steam dragon armo |    16 |    23 |   121 |   171 ||   331
       Skin              |       |       |       |    22 ||    22
Dodge: Dodged            |    22 |    28 |   170 |   362 ||   582
